 Dungeon Crawl Stone Soup version 0.30-a0-793-g160f7cfddd (webtiles) character file.

Game seed: 117030436598565840

9859 kingofthe the Nimble (level 11, -9/54 HPs)
             Began as a Deep Elf Conjurer on Feb 19, 2023.
             Was a Priest of Vehumet.
             Killed from afar by Lodul (35 damage)
             ... with a bolt of lightning
             ... on level 9 of the Dungeon.
             The game lasted 00:46:00 (11840 turns).

kingofthe the Nimble (Deep Elf Conjurer)           Turns: 11840, Time: 00:46:00

Health: -9/54      AC: 10    Str:  4    XL:     11   Next: 28%
Magic:  26/26      EV: 20    Int: 28    God:    Vehumet [***...]
Gold:   417        SH:  0    Dex: 21    Spells: 12/29 levels left

rFire   . . .      SeeInvis .    a - +6 falchion "Qes Uriss" {drain, Int+4 Dex+4 Stlth+}
rCold   + . .      Faith    .    i - orb {guile}
rNeg    . . .      Spirit   .    A - +0 robe
rPois   .          Reflect  .    P - +2 hat
rElec   .          Harm     .    L - +0 cloak
rCorr   .          Rampage  .    B - +2 pair of gloves
Will    .....                    n - +1 pair of boots
Stlth   +++++                    (no amulet)
HPRegen 0.29/turn                W - ring of willpower
MPRegen 0.20/turn                C - ring of protection from cold

@: no status effects
A: no striking features
a: Renounce Religion


You were on level 9 of the Dungeon.
You worshipped Vehumet.
Vehumet was most pleased with you.
You visited 1 branch of the dungeon, and saw 10 of its levels.

You collected 477 gold pieces.
You spent 60 gold pieces at shops.


   Skills:
 * Level 11.3 Dodging
 + Level 8.8 Stealth
 + Level 9.5 Spellcasting
 * Level 9.3 Conjurations
 + Level 9.0 Hexes
 - Level 4.1 Fire Magic
 - Level 5.1 Earth Magic


You had 12 spell levels left.
You knew the following spells:

 Your Spells              Type           Power      Damage    Failure   Level
a - Magic Dart            Conj           100%       1d8       1%          1
b - Searing Ray           Conj           100%       2d8       1%          2
c - Slow                  Hex            100%       N/A       1%          1
d - Dazzling Flash        Conj/Hex       100%       N/A       1%          3
f - Fulminant Prism       Conj/Hex       30%        3d16      1%          4
t - Static Discharge      Conj/Air       78%        2-6/arc   1%          2
w - Stone Arrow           Conj/Erth      100%       3d13      1%          3
x - Foxfire               Conj/Fire      100%       2x1d9     1%          1

Your spell library contained the following spells:

 Spells                   Type           Power      Damage    Failure   Level
 Poisonous Vapours        Pois/Air       26%        N/A       1%          2
 Sandblast                Erth           82%        2d17      1%          1
 Confusing Touch          Hex            59%        N/A       1%          3
 Iskenderun's Mystic Bla  Conj/Tloc      39%        2d9       1%          4
 Passwall                 Tmut/Erth      22%        N/A       2%          2
 Apportation              Tloc           26%        N/A       4%          1
 Vampiric Draining        Necr           13%        2d6       13%         3
 Silence                  Hex/Air        19%        N/A       19%         5
 Summon Mana Viper        Hex/Summ       38%        N/A       19%         5
 Agony                    Necr           13%        N/A       75%         5
 Alistair's Intoxication  Tmut/Pois      8%         N/A       75%         5
 Summon Forest            Summ/Tloc      6%         N/A       75%         5
 Summon Cactus Giant      Summ           6%         N/A       100%        6

Inventory:

Hand Weapons
 a - the +6 falchion "Qes Uriss" (weapon) {drain, Int+4 Dex+4 Stlth+}
   (You found it on level 3 of the Dungeon)

   Int:       It affects your intelligence (+4).
   Dex:       It affects your dexterity (+4).
   Stlth:     It makes you more stealthy.
 h - a +2 sling of freezing
 y - a +0 mace of protection
 I - a +0 whip of freezing
Missiles
 U - a throwing net {=f=f}
Armour
 i - an orb of guile (worn)
 n - a +1 pair of boots (worn)
 A - a +0 robe (worn)
 B - a +2 pair of gloves (worn)
 L - a +0 cloak (worn)
 P - a +2 hat (worn)
Magical Staves
 b - a staff of conjuration {!a!a}
 d - a staff of earth {!a!a}
Jewellery
 v - a ring of see invisible
 C - a ring of protection from cold (right hand)
 F - a ring of fire
 W - a ring of willpower (left hand)
Wands
 N - a wand of charming (9)
 O - a wand of light (4)
 S - a wand of polymorph (6)
Scrolls
 c - 9 scrolls of identify {@r1@r1}
 f - 2 scrolls of enchant armour {unknown}
 g - 2 scrolls of blinking
 k - 2 scrolls of magic mapping {unknown}
 l - a scroll of noise {unknown}
 m - 3 scrolls of fear
 p - a scroll of teleportation {unknown}
 t - a scroll of butterflies {unknown}
 u - 2 scrolls of enchant weapon
 w - a scroll of fog {unknown}
 E - a scroll of poison {unknown}
 H - a scroll of amnesia {unknown}
 T - a scroll of vulnerability {unknown}
Potions
 e - 4 potions of lignification
 j - a potion of flight {unknown}
 o - a potion of attraction {unknown}
 q - a potion of invisibility {unknown}
 r - 5 potions of curing {@q1@q1}
 x - 3 potions of berserk rage {unknown}
 z - a potion of might {unknown}
 D - 3 potions of heal wounds {@q2@q2}
 G - a potion of brilliance {unknown}
 J - 3 potions of degeneration {unknown}
 K - a potion of mutation {unknown}
 M - a potion of resistance {unknown}
 Q - 2 potions of cancellation {unknown}
 R - a potion of haste {unknown}
 V - 2 potions of magic
Miscellaneous
 s - a phantom mirror

Dungeon Overview and Level Annotations

Branches:
Dungeon (10/15)            Temple (0/1) D:5
   Lair: D:8-11         Orc: D:9-12

Altars:
Ashenzari
Elyvilon
Fedhas
Hepliaklqana
Makhleb
Trog
Uskayaw
Vehumet
Wu Jian
Xom
Yredelemnul
Zin
The Shining One

Shops:
D:3 (   D:8 ([(!

Annotations:
D:7 1 runed translucent door, domi's ghost, novice DsHW
D:8 3 runed translucent doors, BillyBaka's ghost, novice AtFi; blahman3's ghost, novice MiFi
D:9 Lodul
D:10 Erolcha; Urug

##............#####.# #.##
..................#.######
#...
#######.#.##..###.#......#
#### #.#.##.)#
#..#####.########
#.......###...# #.........
##....[.......## ##########
######........#...##########
.........[..............<..#
#........[..##..@.########.#
#.####......##..### #.# #.#
#.#######..# #.# #.# #.....#
#..# #.# #.########.# #..#
#.###### .......# #.# #..#
########.)..... ######.# #.#
#OO# #......<####### #.# #.#
#..# #.#####.# #.###.###..#
#.# #.#


You could see Lodul and an ogre.


Message History

You take 2 damage, and have 32/54 hp.
As you read the scroll labelled RYANKIEMUT, it crumbles to dust.
You assume a fearsome visage.
Lodul looks frightened!
The ogre looks frightened!
It was a scroll of fear.
Casting: Stone Arrow (safe; 1% risk of failure)
Confirm with . or Enter, or press ? or * to list all spells.
Aiming: Slow (safe; 1% risk of failure)
Press: ? - help, Shift-Dir - straight line, f - Lodul
Aim: Lodul, wielding a +0 dire flail (fleeing, chance to affect: 73%)
Your attack snaps Lodul out of his fear.
Lodul resists with some effort.
You now have 25/26 mp.
Lodul closely misses you.
As you read the scroll labelled OVVUNUCAA, it crumbles to dust.
It is a scroll of enchant weapon.
Your +1 sling of freezing glows red for a moment.
Lodul misses you.
Blink to where?
Press: ? - help, Dir - move target, p - Lodul
As you read the scroll labelled SUERAV MUOT, it crumbles to dust.
It was a scroll of blinking.
MP restored: 26 Electricity crackles from Lodul's apparatus.
The bolt of lightning hits you!
* * * LOW HITPOINT WARNING * * *
You take 13 damage, and have 25/54 hp.
MASSIVE DAMAGE!!
Electricity crackles from Lodul's apparatus.
The bolt of lightning hits you!!
Ouch! That really hurt!
You die...

Skill      XL: |  1  2  3  4  5  6  7  8  9 10 11 |
---------------+----------------------------------+-----
Spellcasting   | 4 5 6 7 8 9 |  9.5
Dodging        | 3 4 5 6 7 9 10 11 | 11.3
Conjurations   | 5 6 7 8 9 |  9.3
Stealth        | 3 4 5 6 7 8 |  8.8
Hexes          | 2 3 5 6 7 8 9 |  9.0
Earth Magic    | 3 5 |  5.1
Fire Magic     | 2 4 |  4.1

Action                     |  1- 3 |  4- 6 |  7- 9 | 10-12 || total
---------------------------+-------+-------+-------+-------++-------
  Melee: Unarmed           |    10 |       |       |       ||    10
   Fire: Sling             |       |       |     2 |       ||     2
   Cast: Magic Dart        |    66 |    32 |    55 |       ||   153
         Searing Ray       |     4 |    12 |    16 |     3 ||    35
         Fulminant Prism   |       |       |    55 |    27 ||    82
         Slow              |       |       |    35 |    26 ||    61
         Foxfire           |       |       |     8 |    88 ||    96
         Stone Arrow       |       |       |     3 |    29 ||    32
    Use: Scroll            |       |       |     2 |     3 ||     5
 Armour: Robe              |     5 |     1 |    10 |    22 ||    38
  Dodge: Dodged            |     5 |     6 |    23 |    61 ||    95

Levels and vault maps discovered:
D:1:      dpeg_arrival_castle, layout_basic
D:2:      layout_loops_ring, minmay_misc_feat_secret_circle, minmay_rat_hole
D:3:      minmay_spotlight, layout_basic, serial_shops,
          nicolae_shop_behind_doors
D:4:      layout_basic, nicolae_overflows_in_rows, hangedman_decor_riveting,
          uniq_pikel
D:5:      layout_loops_ring, good_gods_mini_temple,
          minmay_temple_entry_offerings, uniq_sigmund
D:6:      layout_cave_pods
D:7:      layout_rooms, gammafunk_ghost_grave, enter_bailey_5
D:8:      layout_rooms, serial_shops, kennysheep_mini_moat, shop,
          nicolae_shop_competitors_out_of_business, nicolae_shop_stone,
          nicolae_inconvenience_store, gammafunk_ghost_cemetery,
          dreamdust_princess_bridge, amcnicky_mini_rare_corridor_liquid,
          minmay_crystal_water, kennysheep_island_fort
D:9:      layout_loops_ring, nicolae_nh_ransacked_shop
D:10:     okawaru_arena_lexackson, layout_cave_pools, zombieorc2_lemuel,
          serial_gnoll_camp, gnoll_camp_mini_hut, gnoll_camp_mini_basic,
          gnoll_camp_mini_house, gnoll_camp_mini_basic,
          gnoll_camp_mini_doghouse, gnoll_camp_mini_basic, uniq_erolcha,
          uniq_urug, uniq_lodul, uniq_josephine

Notes
Turn   | Place    | Note
-------+----------+-------------------------------------------
     0 | D:1      | kingofthe the Deep Elf Conjurer began the quest for the
                  | Orb.
     0 | D:1      | Reached XP level 1. HP: 10/10 MP: 6/6
   358 | D:1      | Reached skill level 4 in Spellcasting
   358 | D:1      | Reached XP level 2. HP: 15/15 MP: 5/9
   409 | D:1      | Learned a level 2 spell: Searing Ray
  1282 | D:2      | Reached XP level 3. HP: 19/19 MP: 4/10
  1354 | D:2      | Reached skill level 3 in Dodging
  1566 | D:2      | Learned a level 3 spell: Dazzling Flash
  1840 | D:2      | Reached XP level 4. HP: 24/24 MP: 9/12
  2350 | D:3      | Reached skill level 5 in Conjurations
  2411 | D:3      | Found Lerost's Antique Weapon Shoppe.
  2505 | D:3      | Reached skill level 3 in Stealth
  2540 | D:3      | You fall into a shaft and drop 2 floors!
  2540 | D:5      | Entered Level 5 of the Dungeon
  2544 | D:5      | Noticed a centaur
  2549 | D:5      | Killed a centaur
  2550 | D:5      | Reached skill level 4 in Dodging
  2550 | D:5      | Reached XP level 5. HP: 25/28 MP: 9/14
  2618 | D:5      | Noticed a black bear
  2628 | D:5      | Killed a black bear
  2629 | D:5      | Reached skill level 5 in Spellcasting
  2629 | D:5      | Reached skill level 2 in Hexes
  2629 | D:5      | Reached XP level 6. HP: 32/32 MP: 6/15
  2830 | D:5      | Noticed a water moccasin
  2836 | D:5      | Killed a water moccasin
  2837 | D:5      | Reached skill level 4 in Stealth
  2888 | D:5      | Reached skill level 5 in Dodging
  2888 | D:5      | Reached skill level 3 in Hexes
  3143 | D:4      | Reached XP level 7. HP: 18/36 MP: 7/17
  3729 | D:3      | Identified the +6 falchion "Qes Uriss" {drain, Int+4 Dex+4
                  | Stlth+}
  4348 | D:4      | Noticed Pikel
  4361 | D:4      | Killed Pikel
  4362 | D:4      | Reached skill level 6 in Dodging
  4362 | D:4      | Reached skill level 5 in Stealth
  4362 | D:4      | Reached skill level 6 in Spellcasting
  4362 | D:4      | Reached skill level 6 in Conjurations
  4362 | D:4      | Reached skill level 5 in Hexes
  4362 | D:4      | Reached XP level 8. HP: 21/41 MP: 2/19
  4494 | D:4      | Found a bloodstained altar of Trog.
  4494 | D:4      | Found an ornate altar of the Wu Jian Council.
  4494 | D:4      | Found a broken altar of Ashenzari.
  4494 | D:4      | Found a hide-covered altar of Uskayaw.
  4495 | D:4      | Found a burning altar of Makhleb.
  4495 | D:4      | Found a blossoming altar of Fedhas.
  4496 | D:4      | Found a basalt altar of Yredelemnul.
  4497 | D:4      | Found a radiant altar of Vehumet.
  4497 | D:4      | Found a hazy altar of Hepliaklqana.
  4498 | D:4      | Found a shimmering altar of Xom.
  4505 | D:4      | Became a worshipper of Vehumet
  4658 | D:5      | Found a staircase to the Ecumenical Temple.
  4706 | D:5      | Noticed Sigmund
  4712 | D:5      | Killed Sigmund
  4719 | D:5      | Learned a level 4 spell: Fulminant Prism
  4721 | D:5      | Learned a level 1 spell: Slow
  4818 | D:5      | Learned a level 3 spell: Stone Arrow
  5033 | D:5      | Found a white marble altar of Elyvilon.
  5033 | D:5      | Found a glowing silver altar of Zin.
  5033 | D:5      | Found a glowing golden altar of the Shining One.
  5649 | D:6      | Reached skill level 7 in Dodging
  5649 | D:6      | Reached skill level 1 in Earth Magic
  5866 | D:6      | Reached skill level 6 in Hexes
  5866 | D:6      | Reached skill level 2 in Earth Magic
  6065 | D:6      | Reached skill level 6 in Stealth
  6065 | D:6      | Reached skill level 7 in Spellcasting
  6072 | D:6      | Reached skill level 3 in Earth Magic
  6072 | D:6      | Reached XP level 9. HP: 45/45 MP: 8/21
  6188 | D:6      | Reached skill level 8 in Dodging
  6188 | D:6      | Reached skill level 7 in Conjurations
  6830 | D:7      | Reached skill level 4 in Earth Magic
  6994 | D:7      | Reached * piety under Vehumet
  6994 | D:7      | Offered knowledge of Foxfire by Vehumet.
  7235 | D:7      | Reached skill level 7 in Hexes
  7669 | D:7      | Found a runed translucent door.
  7871 | D:7      | Reached skill level 5 in Earth Magic
  7876 | D:7      | Reached skill level 9 in Dodging
  8109 | D:7      | Noticed domi's ghost (novice DsHW)
  8211 | D:8      | Found Masileim's Weapon Shop.
  8214 | D:8      | Learned a level 1 spell: Foxfire
  8235 | D:8      | Reached skill level 7 in Stealth
  8274 | D:8      | Found Qare's Book Shoppe.
  8288 | D:8      | Found a runed translucent gate.
  8288 | D:8      | Found a runed translucent gate.
  8293 | D:8      | Found a runed translucent gate.
  8293 | D:8      | Noticed blahman3's ghost (novice MiFi)
  8293 | D:8      | Noticed BillyBaka's ghost (novice AtFi)
  8308 | D:8      | Reached skill level 1 in Fire Magic
  8437 | D:8      | Noticed a deep elf pyromancer
  8441 | D:8      | Reached skill level 8 in Spellcasting
  8443 | D:8      | Killed a deep elf pyromancer
  8444 | D:8      | Reached skill level 2 in Fire Magic
  8444 | D:8      | Reached XP level 10. HP: 39/50 MP: 7/24
  8656 | D:8      | Found Leteata Jaov's Distillery.
  8661 | D:8      | Bought a potion of heal wounds for 60 gold pieces
  8687 | D:8      | Noticed a two-headed ogre
  8694 | D:8      | Killed a two-headed ogre
  8743 | D:8      | Found Xyuqy's Antique Weapon Shop.
  8854 | D:8      | Reached skill level 3 in Fire Magic
  8944 | D:8      | Reached ** piety under Vehumet
  8944 | D:8      | Offered knowledge of Static Discharge by Vehumet.
  9046 | D:8      | Found Goesolaa's Armour Emporium.
  9637 | D:9      | Noticed a two-headed ogre
  9704 | D:8      | Reached skill level 10 in Dodging
  9704 | D:8      | Reached skill level 8 in Conjurations
  9706 | D:8      | Reached skill level 8 in Hexes
  9930 | D:9      | Reached skill level 4 in Fire Magic
 10127 | D:9      | Noticed a two-headed ogre
 10128 | D:9      | Reached skill level 8 in Stealth
 10135 | D:9      | Killed a two-headed ogre
 10136 | D:9      | Reached skill level 9 in Spellcasting
 10475 | D:9      | Killed a two-headed ogre
 10476 | D:9      | Reached XP level 11. HP: 54/54 MP: 9/26
 10782 | D:9      | Noticed a two-headed ogre
 10794 | D:9      | Killed a two-headed ogre
 10795 | D:9      | Reached skill level 11 in Dodging
 10795 | D:9      | Reached skill level 9 in Conjurations
 10950 | D:9      | Learned a level 2 spell: Static Discharge
 11148 | D:10     | Entered Level 10 of the Dungeon
 11148 | D:10     | Noticed Lodul
 11183 | D:10     | Noticed a two-headed ogre
 11189 | D:10     | Noticed Erolcha
 11202 | D:9      | Killed a two-headed ogre
 11285 | D:9      | Upgraded the game from 0.30-a0-782-ge64f9170bb to
                  | 0.30-a0-793-g160f7cfddd
 11303 | D:9      | Offered knowledge of Poisonous Vapours by Vehumet.
 11497 | D:10     | Reached skill level 9 in Hexes
 11711 | D:10     | Noticed Urug
 11714 | D:10     | Reached *** piety under Vehumet
 11840 | D:9      | Killed from afar by Lodul

Vanquished Creatures
  5 two-headed ogres
  Pikel (D:4)
  A deep elf pyromancer (D:8)
  A hornet (D:9)
  Sigmund (D:5)
  10 yaks
  4 steam dragons
  2 water moccasins
  A black bear (D:5)
  2 orc warriors
  4 sky beasts
  7 ogres
  3 centaurs
  2 phantoms (D:9)
  2 lemures (D:4)
  3 kobold brigands
  A necrophage (D:5)
  4 bullfrogs
  A scorpion (D:4)
  6 killer bees
  2 electric eels (D:8)
  5 howler monkeys
  A lava snake (D:8)
  3 jellies
  3 hounds
  3 orc priests
  2 iguanas
  A gnoll bouda (D:7)
  5 orc wizards
  An ogre zombie (D:10)
  5 gnolls (D:7)
  10 adders
  A white imp (D:4)
  4 dart slugs
  24 orcs
  4 endoplasms (D:2)
  2 giant cockroaches (D:4)
  9 goblins
  7 hobgoblins
  10 jackals
  A quokka (D:2)
  5 ball pythons
  4 bats
  5 frilled lizards
  A goblin zombie (D:10)
  14 kobolds
  8 orc zombies (D:10)
  23 rats
  2 foxfires
226 creatures vanquished.

Vanquished Creatures (others)
  155 foxfires
  82 fulminant prisms
  8 withered plants
245 creatures vanquished.

Grand Total: 471 creatures vanquished

Table legend: (Time is in decaauts)
 A = Elapsed time spent in this place.
 B = Non-inter-level travel time spent in this place.
 C = Inter-level travel time spent in this place.
 D = Time resting spent in this place.
 E = Time spent auto-exploring this place.
 F = Levels seen in this place.
 G = Mean time per level.
                   A        B        C        D        E       F      G
               +--------+--------+--------+--------+--------+-----+--------+
         Total |  11865 |  10999 |    866 |   1704 |   7741 |  10 | 1186.5 |
       Dungeon |  11865 |  10999 |    866 |   1704 |   7741 |  10 | 1186.5 |
               +--------+--------+--------+--------+--------+-----+--------+

Top non-repeatable levels by time:
     D:6: 2007 daAuts
     D:9: 1893 daAuts
     D:8: 1643 daAuts
     D:5: 1404 daAuts
     D:2: 1234 daAuts
     D:1: 1069 daAuts
     D:4: 1028 daAuts
     D:7: 762 daAuts
     D:3: 759 daAuts
    D:10: 62 daAuts

Table legend:
 A = Non-vault XP
 B = Vault XP
 C = Vault XP percentage of total XP
 D = Non-vault monster count
 E = Vault monster count
 F = Vault count percentage of total count
                 A         B        C        D         E       F
            +---------+---------+-------+---------+---------+-------
      Total |   11315 |    2770 |  19.7 |     168 |      54 |  24.3
            +---------+---------+-------+---------+---------+-------
        D:1 |      26 |       0 |   0.0 |      16 |       0 |   0.0
        D:2 |      64 |      20 |  23.8 |      21 |      19 |  47.5
        D:3 |      30 |       3 |   9.1 |       9 |       2 |  18.2
        D:4 |     183 |     651 |  78.1 |      11 |       1 |   8.3
        D:5 |     668 |     226 |  25.3 |      17 |       1 |   5.6
        D:6 |    1762 |       0 |   0.0 |      13 |       0 |   0.0
        D:7 |    1270 |       7 |   0.5 |      32 |       4 |  11.1
        D:8 |    2229 |     740 |  24.9 |      27 |       3 |  10.0
        D:9 |    5039 |     491 |   8.9 |      20 |       9 |  31.0
       D:10 |      44 |     632 |  93.5 |       2 |      15 |  88.2
            +---------+---------+-------+---------+---------+-------
